 Dungeon Crawl Stone Soup version 0.20-a0-949-g916514f (webtiles) character file.

140 M4edhros the Chopper (level 5, -3/45 HPs)
             Began as a Minotaur Berserker on Apr 4, 2017.
             Was a Follower of Trog.
             Shot with an arrow by a centaur (14 damage)
             ... on level 6 of the Dungeon.
             The game lasted 00:01:29 (330 turns).

M4edhros the Chopper (Minotaur Berserker)            Turns: 330, Time: 00:01:29

Health: -3/45      AC:  5    Str: 20      XL:     5   Next: 2%
Magic:  4/4        EV: 14    Int:  1 (4)  God:    Trog [*.....]
Gold:   28         SH:  0    Dex:  9 (10) Spells: 4/4 levels left

rFire    + . .     SeeInvis +   a - +0 hand axe
rCold    . . .     Gourm    .   (no shield)
rNeg     . . .     Faith    .   f - +2 leather armour {rF+}
rPois    .         Spirit   .   (helmet restricted)
rElec    .         Reflect  .   (no cloak)
rCorr    .         Harm     .   (no gloves)
MR       .....                  (no boots)
Stlth    +.........             (no amulet)
Regen    0.2/turn               (no ring)
MPRegen  0.1/turn               (no ring)

@: no status effects
A: retaliatory headbutt, horns 2, repulsion field 1, see invisible,
deterioration 1, weak 1
a: Berserk, Burn Spellbooks, Renounce Religion


You were on level 6 of the Dungeon.
You worshipped Trog.
Trog was aware of your devotion.
You were not hungry.

You visited 1 branch of the dungeon, and saw 6 of its levels.

You collected 28 gold pieces.

Inventory:

Hand Weapons
 a - a +0 hand axe (weapon)
Armour
 b - a +0 animal skin
 f - a +2 leather armour of fire resistance (worn)
Scrolls
 d - 3 scrolls of identify {unknown}
 g - a scroll of noise {unknown}
Potions
 e - a potion of might
 h - a potion of degeneration
Comestibles
 c - 2 bread rations


   Skills:
 - Level 3.6 Fighting
 + Level 6.9 Axes
 - Level 2.4 Armour
 - Level 2.1 Dodging


You had 4 spell levels left.
You didn't know any spells.

Dungeon Overview and Level Annotations

Branches:
Dungeon (6/15)
 Temple: D:4-7

Altars:


Innate Abilities, Weirdness & Mutations

You reflexively headbutt those who attack you in melee.
You have a pair of horns on your head.
You are surrounded by a mild repulsion field. (EV +2)
You have supernaturally acute eyesight. (SInv)
Your body sometimes deteriorates upon taking damage.
You are weak. (Str -2)


Message History

You open the door.
There is an open door here.
g - a scroll labeled WUEDEZO YCHAO You feel yourself speed up.
You feel less exhausted.
There is a stone staircase leading down here.
You climb downwards.
There is a stone staircase leading up here.
You feel a little less agile now.
You open the door.
There is an open door here.
A centaur comes into view.
The centaur shouts!
The centaur wields a shortbow.
The centaur shoots an arrow.
The arrow hits you!
You see here an arrow.
The centaur shoots an arrow.
The arrow hits you!
* * * LOW HITPOINT WARNING * * *
You see here an arrow.
The centaur shoots an arrow.
The arrow hits you!
You die...

### #<#
##########
#.#
#........#
#.#
#........#
#.#
#.....c..#
#.###
#........+
#...#
#.....@..#
###.#
#.....(..#
#.#
#.....(..#
#.#
#........#
#.#
######'###
#.# #.#
#.# #.#
#.# #.#
#.# #.#
#.#


You could see a centaur.

Vanquished Creatures
  An ogre (D:5)
  A worker ant (D:4)
  A worker ant zombie (D:5)
  An adder (D:4)
  An ooze (D:4)
  2 orcs (D:4)
  A frilled lizard (D:1)
  2 goblins (D:1)
  A kobold (D:1)
11 creatures vanquished.

Notes
Turn   | Place    | Note
-------+----------+-------------------------------------------
     0 | D:1      | M4edhros the Minotaur Berserker began the quest for the Orb.
     0 | D:1      | Reached XP level 1. HP: 19/19 MP: 0/0
   146 | D:4      | Reached skill level 4 in Axes
   146 | D:4      | Reached XP level 2. HP: 25/26 MP: 1/1
   170 | D:4      | Reached skill level 5 in Axes
   170 | D:4      | Reached XP level 3. HP: 17/31 MP: 2/2
   177 | D:4      | Gained mutation: You are surrounded by a mild repulsion field. (EV +2) [potion of mutation]
   177 | D:4      | Gained mutation: Your body sometimes deteriorates upon taking damage. [potion of mutation]
   177 | D:4      | Gained mutation: You are weak. (Str -2) [potion of mutation]
   177 | D:4      | Gained mutation: You have supernaturally acute eyesight. (SInv) [potion of mutation]
   183 | D:5      | Entered Level 5 of the Dungeon
   193 | D:5      | HP: 1/31 [poisoned by a worker ant]
   235 | D:5      | Noticed an ogre
   239 | D:5      | Killed an ogre
   239 | D:5      | Reached skill level 6 in Axes
   239 | D:5      | Reached XP level 4. HP: 12/39 MP: 3/3
   242 | D:5      | Reached XP level 5. HP: 14/45 MP: 4/4
   327 | D:6      | Noticed a centaur
   330 | D:6      | Shot with an arrow by a centaur

Vault maps used:
D:1:      dpeg_arrival_round_a
D:2:      evilmike_ruin_ashenzari
D:3:      nicolae_overflow_crystal_walls, old_standard_altar,
          dk_yredelemnul_ordeal
D:4:      kennysheep_mini, temple_hall, first_bread, uniq_sigmund, uniq_natasha
D:6:      cheibrodos_worm_habitat, uniq_crazy_yiuf_cottage, uniq_menkaure

Skill      XL: |  1  2  3 |
---------------+----------+-----
Axes           | 4 5 6 |  6.9
Fighting       | |  3.6
Armour         | |  2.4
Dodging        | |  2.1

Action                   |  1- 3 |  4- 6 || total
-------------------------+-------+-------++-------
Melee: Hand axe          |    23 |     3 ||    26
       Headbutt          |     6 |       ||     6
Invok: Berserk           |     2 |       ||     2
  Use: Potion            |     4 |       ||     4
Armor: Leather armour    |     6 |       ||     6
       Animal skin       |     1 |       ||     1
Dodge: Dodged            |    13 |     1 ||    14
